 Dungeon Crawl Stone Soup version 0.20-a0-2-g2b0e13a (webtiles) character file.

241 varam the Grave Robber (level 5, -6/35 HPs)
             Began as a Demonspawn Necromancer on Oct 28, 2016.
             Killed by divine providence
             ... invoked by an orc priest
              (16 damage)
             ... on level 4 of the Dungeon.
             The game lasted 00:12:24 (4565 turns).

varam the Grave Robber (Demonspawn Necromancer)     Turns: 4565, Time: 00:12:24

Health: -6/35      AC: 10    Str:  8    XL:     5   Next: 80%
Magic:  5/10       EV: 12    Int: 17    God:
Gold:   159        SH:  0    Dex: 14    Spells: 3 memorised, 3 levels left

rFire  . . .     SeeInvis .     s - +2 mace (protect)
rCold  . . .     Gourm    .     a - +0 robe
rNeg   . . .     Faith    .     (no shield)
rPois  .         Spirit   .     (helmet restricted)
rElec  .         Reflect  .     (no cloak)
rCorr  .         Harm     .     k - +0 pair of gloves
MR     .....                    (no boots)
Stlth  +++.......               (no amulet)
                                (no ring)
                                (no ring)

@: lethally poisoned (-6 -> -8), protection aura
A: antennae 1, nightstalker 1
a: no special abilities


You were on level 4 of the Dungeon.
You were hungry.

You visited 1 branch of the dungeon, and saw 4 of its levels.

You collected 159 gold pieces.

Inventory:

Hand Weapons
 s - a +2 mace of protection (weapon)
Missiles
 q - a throwing net (quivered)
Armour
 a - a +0 robe (worn)
 i - a +0 buckler
 k - a +0 pair of gloves (worn)
Scrolls
 e - a scroll of teleportation {unknown}
 f - a scroll of magic mapping {unknown}
 j - 2 scrolls of remove curse {unknown}
 l - a scroll of enchant weapon {unknown}
 n - a scroll of noise {unknown}
 o - 3 scrolls of identify {unknown}
 p - a scroll of fear {unknown}
 r - a scroll of enchant armour {unknown}
 u - a scroll of recharging {unknown}
Potions
 d - a potion of cancellation {unknown}
 h - 2 potions of curing {unknown}
 t - a potion of flight {unknown}
 v - a potion of invisibility {unknown}
Books
 b - a book of Necromancy

   Spells                             Type                      Level
   a - Pain                           Necromancy                   1
   b - Animate Skeleton               Necromancy                   1
   c - Vampiric Draining              Necromancy                   3
   d - Regeneration                   Charms/Necromancy            3
   e - Animate Dead                   Necromancy                   4
   f - Control Undead                 Necromancy                   4
Comestibles
 c - 3 bread rations
 g - 3 meat rations
 w - a beef jerky


   Skills:
 - Level 1.7 Dodging
 - Level 2.3 Stealth
 + Level 3.8 Spellcasting
 * Level 6.4 Necromancy


You had 3 spell levels left.
You knew the following spells:

 Your Spells              Type           Power        Failure   Level  Hunger
a - Pain                  Necr           ####         1%          1    None
b - Vampiric Draining     Necr           ####......   4%          3    ###....
c - Animate Dead          Necr           N/A          14%         4    ####...


Dungeon Overview and Level Annotations

Branches:
Dungeon (3/15)

Altars:
Trog


Innate Abilities, Weirdness & Mutations

You have a pair of small antennae on your head.
You are slightly more attuned to the shadows.


Message History

You are poisoned.
The adder poisons you! The orc hits you but does no damage.
The adder bites you but does no damage. The orc hits you.
Casting: Animate Dead
Confirm with . or Enter, or press ? or * to list all spells.
You call on the dead to rise...
Nothing appears to happen.
You are feeling hungry.
You feel sick.
The orc priest casts a cantrip, but nothing happens.
The adder bites you but does no damage. The orc closely misses you.
Casting: Animate Dead
Confirm with . or Enter, or press ? or * to list all spells.
Aiming: Pain
Press: ? - help, Shift-Dir - straight line, f - adder
Aim: an adder (heavily wounded, chance to defeat MR: 88%)
The adder writhes in agony!
You kill the adder!
The orc priest mumbles some strange prayers to Beogh against you.
Beogh smites you!
You die...

####################
#..........o...o@†.#
#.################.#
#.# # #.# #.# #.#
#.# #.# #o#


You could see an orc priest and an orc.

Vanquished Creatures
  An orc priest (D:3)
  13 adders
  An ooze (D:2)
  2 dart slugs
  4 leopard geckos
  5 orcs
  5 giant cockroaches
  9 goblins
  9 hobgoblins
  6 jackals (D:2)
  7 kobolds
  A quokka (D:3)
  A ball python (D:2)
  7 bats
  2 frilled lizards (D:2)
  9 rats
82 creatures vanquished.

Notes
Turn   | Place    | Note
-------+----------+-------------------------------------------
     0 | D:1      | varam the Demonspawn Necromancer began the quest for the Orb.
     0 | D:1      | Reached XP level 1. HP: 13/13 MP: 3/3
    78 | D:1      | Reached skill level 2 in Stealth
   428 | D:1      | Gained mutation: You have a pair of small antennae on your head. [demonic ancestry]
   428 | D:1      | Reached XP level 2. HP: 14/19 MP: 0/5
  1300 | D:2      | Reached XP level 3. HP: 16/24 MP: 0/7
  1579 | D:2      | Reached skill level 3 in Spellcasting
  1608 | D:2      | Learned a level 3 spell: Vampiric Draining
  1839 | D:2      | Reached skill level 5 in Necromancy
  1905 | D:2      | Gained mutation: You are slightly more attuned to the shadows. [demonic ancestry]
  1905 | D:2      | Reached XP level 4. HP: 27/30 MP: 4/8
  3452 | D:3      | Reached XP level 5. HP: 28/35 MP: 4/10
  3745 | D:3      | Reached skill level 6 in Necromancy
  4327 | D:2      | Learned a level 4 spell: Animate Dead
  4431 | D:3      | Found a bloodstained altar of Trog.
  4474 | D:3      | You fall through a shaft!
  4565 | D:4      | Killed from afar by an orc priest

Vault maps used:
D:1:      nicolae_arrival_washed_ashore
D:2:      first_bread, st_stairs_13, minmay_pentomino_x4
D:3:      lightli_temple_of_fire, minivault_19, minmay_cut_off
D:4:      nicolae_overflow_hidden_temple, old_standard_altar, uniq_sigmund

Skill      XL: |  1  2  3  4  5 |
---------------+----------------+-----
Stealth        | 2 |  2.3
Spellcasting   | 3 |  3.8
Necromancy     | 5 6 |  6.4
Dodging        | |  1.7

Action                   |  1- 3 |  4- 6 || total
-------------------------+-------+-------++-------
Melee: Unarmed           |     3 |       ||     3
       Hand axe          |    14 |    21 ||    35
       Mace              |       |    32 ||    32
 Cast: Pain              |    59 |    87 ||   146
       Vampiric Draining |     1 |       ||     1
       Animate Dead      |       |     2 ||     2
 Stab: Sleeping          |       |     6 ||     6
  Eat: Chunk             |     4 |     6 ||    10
       Beef jerky        |       |     1 ||     1
Armor: Robe              |    16 |    30 ||    46
Dodge: Dodged            |    21 |    68 ||    89
Block: Buckler           |     2 |       ||     2
